 Dungeon Crawl Stone Soup version 0.25.0-9-g26727b657a (webtiles) character file.

Game seed: 8623984436631239097

30 xccam the Slasher (level 3, -1/28 HPs)
             Began as a Gnoll Wanderer on June 21, 2020.
             Slain by a worm (3 damage)
             ... on level 2 of the Dungeon.
             The game lasted 00:02:39 (2306 turns).

xccam the Slasher (Gnoll Wanderer)                  Turns: 2306, Time: 00:02:40

Health: -1/28      AC:  2    Str: 13    XL:     3   Next: 18%
Magic:  7/7        EV:  9    Int: 16    God:
Gold:   57         SH:  0    Dex: 14    Spells: 6/7 levels left

rFire    . . .     SeeInvis .   c - +0 falchion
rCold    . . .     Gourm    .   (no shield)
rNeg     . . .     Faith    .   d - +0 robe
rPois    .         Spirit   .   (no helmet)
rElec    .         Reflect  .   (no cloak)
rCorr    .         Harm     .   (no gloves)
MR       .....                  (no boots)
Stlth    +++.......             (no amulet)
HPRegen  0.09/turn              o - -4 ring of evasion (curse)
MPRegen  0.10/turn              (no ring)

@: no status effects
A: distributed training, fangs 1, strong nose
a: no special abilities


You were on level 2 of the Dungeon.
You were not hungry.

You visited 1 branch of the dungeon, and saw 2 of its levels.

You collected 57 gold pieces.

Inventory:

Hand Weapons
 c - a +0 falchion (weapon)
Armour
 d - a +0 robe (worn)
Jewellery
 o - a cursed -4 ring of evasion (left hand)
Scrolls
 a - a scroll of remove curse {unknown}
 b - a scroll of teleportation
 e - a scroll of identify
 h - a scroll of immolation {unknown}
Potions
 g - a potion of magic
 j - a potion of cancellation {unknown}
 m - a potion of heal wounds {unknown}
 n - a potion of curing
Comestibles
 f - 10 rations
 i - a chunk of flesh


   Skills:
 + Level 2.5 Fighting
 + Level 0.6 Short Blades
 + Level 4.5 Long Blades
 + Level 0.6 Axes
 + Level 0.6 Maces & Flails
 + Level 0.6 Polearms
 + Level 0.6 Staves
 + Level 0.6 Slings
 + Level 0.6 Bows
 + Level 0.6 Crossbows
 + Level 0.6 Throwing
 + Level 0.6 Armour
 + Level 2.5 Dodging
 + Level 4.1 Stealth
 + Level 0.6 Shields
 + Level 0.6 Unarmed Combat
 + Level 2.8 Spellcasting
 + Level 0.4 Conjurations
 + Level 0.4 Hexes
 + Level 2.1 Charms
 + Level 0.4 Summonings
 + Level 2.1 Necromancy
 + Level 0.4 Translocations
 + Level 0.4 Transmutations
 + Level 0.4 Fire Magic
 + Level 0.4 Ice Magic
 + Level 0.4 Air Magic
 + Level 0.4 Earth Magic
 + Level 0.4 Poison Magic
 + Level 0.8 Invocations
 + Level 2.5 Evocations


You had 6 spell levels left.
You knew the following spells:

 Your Spells              Type           Power        Failure   Level  Hunger
a - Infusion              Chrm           #...         9%          1    #......

Your spell library contained the following spells:

 Spells                   Type           Power        Failure   Level  Hunger
 Song of Slaying          Chrm           #.......     12%         2    ##.....
 Shroud of Golubria       Chrm/Tloc      #.....       17%         2    ##.....
 Ozocubu's Armour         Chrm/Ice       #.......     34%         3    ###....
 Spectral Weapon          Hex/Chrm       #.......     34%         3    ###....


Dungeon Overview and Level Annotations

Branches:
Dungeon (2/15)

Altars:


Innate Abilities, Weirdness & Mutations

Your experience applies equally to all skills.
You have very sharp teeth.
Your uncanny sense of smell can sniff out nearby items.


Message History

You hit the worm but do no damage.
The worm is moderately wounded.
You hit the worm.
The worm is heavily wounded.
The worm barely misses you.
You riposte.
You hit the worm.
The worm is severely wounded.
You barely miss the worm.
The worm is severely wounded.
The worm barely misses you.
You riposte.
You completely miss the worm.
The worm is severely wounded.
You hit the worm.
The worm is severely wounded.
You hit the worm but do no damage. Your bite misses the worm.
The worm is severely wounded.
The worm bites you!
* * * LOW HITPOINT WARNING * * *
You barely miss the worm.
The worm is severely wounded.
The worm bites you.
You die...

# #.##..####
#.........# #
#.###....##
#...)<....# # #.#
####..## #...........
# #.. ##..###
####........... # ###
##...##............#.#
#
###....####..######..
# ##..!.# #.. #. #
.######.##...... ∆ #
.......@# ..##. #
##...#.w..# ## #...
#.#### ..# #. . #. ..
.# ##


You could see a worm.

Vanquished Creatures
  5 bats
  A giant cockroach (D:1)
  3 goblins
  A hobgoblin (D:1)
  5 jackals
  5 kobolds (D:1)
  A ball python (D:1)
  2 frilled lizards (D:1)
  7 rats (D:1)
30 creatures vanquished.

Notes
Turn   | Place    | Note
-------+----------+-------------------------------------------
     0 | D:1      | xccam the Gnoll Wanderer began the quest for the Orb.
     0 | D:1      | xccam set off with the following items: a +0 quarterstaff,
                  | a +0 falchion, a +0 robe, a +0 dagger, a ration; and the
                  | following spell memorised: Infusion; and the following
                  | spells available to memorise: Song of Slaying, Shroud of
                  | Golubria, Ozocubu's Armour, Spectral Weapon
     0 | D:1      | Reached XP level 1. HP: 17/17 MP: 4/4
   393 | D:1      | Reached XP level 2. HP: 23/23 MP: 5/5
  1538 | D:1      | Reached XP level 3. HP: 5/28 MP: 7/7
  2306 | D:2      | Slain by a worm

Illustrated notes

Levels and vault maps discovered:
D:1:      nagdon_arrival_double_spiral, layout_basic
D:2:      layout_rooms, kennysheep_generic_room_14

Skill      XL: |  1 |
---------------+----+-----
Charms         | 2 |  2.1
Necromancy     | 2 |  2.1
Fighting       | |  2.5
Short Blades   | |  0.6
Long Blades    | |  4.5
Axes           | |  0.6
Maces & Flails | |  0.6
Polearms       | |  0.6
Staves         | |  0.6
Slings         | |  0.6
Bows           | |  0.6
Crossbows      | |  0.6
Throwing       | |  0.6
Armour         | |  0.6
Dodging        | |  2.5
Stealth        | |  4.1
Shields        | |  0.6
Unarmed Combat | |  0.6
Spellcasting   | |  2.8
Conjurations   | |  0.4
Hexes          | |  0.4
Summonings     | |  0.4
Translocations | |  0.4
Transmutations | |  0.4
Fire Magic     | |  0.4
Ice Magic      | |  0.4
Air Magic      | |  0.4
Earth Magic    | |  0.4
Poison Magic   | |  0.4
Invocations    | |  0.8
Evocations     | |  2.5

Action                   || total
-------------------------++-------
Melee: Falchion          ||   111
       Bite              ||    18
  Use: Scroll            ||     5
       Potion            ||     3
 Stab: Sleeping          ||     8
  Eat: Chunk             ||     4
Armor: Robe              ||    18
Dodge: Dodged            ||    93
       Rpst.: Falchion   ||    27
